 Dungeon Crawl Stone Soup version 0.22.1-1-ga44c0e5 (webtiles) character file.

1822 nightchill the Cleaver (level 9, -5/82 HPs)
             Began as a Hill Orc Fighter on Oct 15, 2018.
             Was an Initiate of Yredelemnul.
             Killed by divine providence
             ... invoked by an orc priest
              (11 damage)
             ... on level 7 of the Dungeon.
             The game lasted 00:16:08 (5960 turns).

nightchill the Cleaver (Hill Orc Fighter)           Turns: 5960, Time: 00:16:08

Health: -5/82      AC: 14    Str: 19    XL:     9   Next: 10%
Magic:  10/10      EV: 18    Int: 12    God:    Yredelemnul [......]
Gold:   274        SH: 10    Dex: 12    Spells: 8/8 levels left

rFire    . . .     SeeInvis +   a - +1 war axe
rCold    . . .     Gourm    .   c - +0 shield
rNeg     . . .     Faith    .   l - +0 plate armour
rPois    +         Spirit   .   q - +2 helmet {Int+3}
rElec    .         Reflect  .   (no cloak)
rCorr    .         Harm     .   (no gloves)
MR       .....                  (no boots)
Stlth    ..........             r - amulet of the acrobat
HPRegen  0.23/turn              t - ring of poison resistance
MPRegen  0.12/turn              y - ring of see invisible

@: hasted, very quick
A: no striking features
a: Renounce Religion, Convert to Beogh


You were on level 7 of the Dungeon.
You worshipped Yredelemnul.
Yredelemnul was noncommittal.
You were very hungry.

You visited 2 branches of the dungeon, and saw 8 of its levels.

You collected 274 gold pieces.

Inventory:

Hand Weapons
 a - a +1 war axe (weapon)
Missiles
 i - 224 stones (quivered)
 p - 35 poisoned needles
Armour
 b - a +0 scale mail
 c - a +0 shield (worn)
 l - a +0 plate armour (worn)
 q - a +2 helmet of intelligence (worn)
Jewellery
 g - an uncursed amulet of the gourmand
 r - an amulet of the acrobat (around neck)
 t - a ring of poison resistance (left hand)
 u - the amulet "Unewnow" {Faith rElec MR- Stlth+, unknown}
   (You found it on level 4 of the Dungeon)

   [amulet of faith]

   It allows you to gain divine favour quickly.
   It insulates you from electricity.
   It affects your resistance to hostile enchantments.
   It makes you more stealthy.
 y - a ring of see invisible (right hand)
 A - an uncursed ring of flight {unknown}
Scrolls
 m - a scroll of remove curse
 v - 2 scrolls of amnesia
 w - a scroll of fear
 x - a scroll of identify {unknown}
 z - a scroll of teleportation {unknown}
Potions
 e - a potion of magic {unknown}
 h - a potion of mutation {unknown}
 j - a potion of cancellation {unknown}
 k - 3 potions of heal wounds {unknown}
 o - a potion of ambrosia {unknown}
 s - 4 potions of curing {unknown}
Comestibles
 f - 5 rations


   Skills:
 + Level 8.6 Fighting
 + Level 11.1 Axes
 - Level 3.2 Armour
 + Level 5.2 Shields
 * Level 2.5 Invocations


You had 8 spell levels left.
You didn't know any spells.
Your spell library was empty.

Dungeon Overview and Level Annotations

Branches:
Dungeon (7/15)             Temple (1/1) D:6

Altars:
Ashenzari
Cheibriados
Dithmenos
Elyvilon
Fedhas
Gozag
Hepliaklqana
Kikubaaqudgha
Nemelex Xobeh
Okawaru
Qazlal
Sif Muna
Trog
Uskayaw
Wu Jian
Xom
Yredelemnul
Zin
The Shining One

Shops:
D:5 %   D:7 [

Annotations:
D:4 3 runed doors, ThePrince's ghost, novice TrCj
D:6 2 transporters, ThisFiasco's ghost, novice KoEn


Message History

You slice the orc warrior!!
The orc warrior is almost dead.
The orc warrior hits you with a long sword!
* * * LOW HITPOINT WARNING * * *
You hit the orc warrior.
You kill the orc warrior!
Yredelemnul accepts your kill.
Your Invocations skill increases to level 2!
You feel yourself speed up.
The orc wizard hits you but does no damage. x2
You slash the orc wizard!
You kill the orc wizard!
Yredelemnul accepts your kill.
The orc priest invokes the aid of Beogh against you.
Beogh smites you!
* * * LOW HITPOINT WARNING * * *
The orc priest invokes the aid of Beogh against you.
Beogh smites you!
You die...
Your body rises from the dead as a mindless zombie.

#. #. #.# #. #... ..
.>.##. #.#. #..#.
##.#..# #...##
###..... #o.o# ..≈≈
≈≈.# #@# .#≈#+#≈># #.#
...+_+..# #.##
##)#'#≈.########..###
..≈≈.≈≈.............#
####....###########..#
###### ###


You could see 2 orc priests.

Vanquished Creatures
  Edmund (D:5)
  A black bear (D:6)
  An orc warrior (D:7)
  3 phantoms
  3 ogres
  A centaur (D:5)
  Blork the orc (D:6)
  2 bullfrogs
  A gnoll sergeant (D:6)
  2 scorpions
  A crimson imp (D:6)
  An orc priest (D:6)
  2 hounds
  A jelly (D:7)
  A bullfrog skeleton (D:5)
  2 orc wizards
  A worker ant (D:4)
  A hound skeleton (D:5)
  A hound zombie (D:6)
  A howler monkey zombie (D:6)
  A worker ant zombie (D:6)
  6 gnolls
  7 adders
  A shadow imp (D:5)
  An ooze (D:3)
  An adder zombie (D:6)
  An adder skeleton (D:4)
  3 worms
  4 dart slugs
  4 leopard geckos
  13 orcs
  3 giant cockroaches
  5 goblins
  8 hobgoblins
  4 jackals
  7 kobolds
  6 quokkas
  5 bats
  3 frilled lizards
  2 quokka zombies (D:5)
  7 rats
120 creatures vanquished.

Notes
Turn   | Place    | Note
-------+----------+-------------------------------------------
     0 | D:1      | nightchill the Hill Orc Fighter began the quest for the
                  | Orb.
     0 | D:1      | Reached XP level 1. HP: 19/19 MP: 1/1
    25 | D:1      | Reached skill level 3 in Axes
    31 | D:1      | Reached XP level 2. HP: 25/27 MP: 2/2
   461 | D:1      | Reached skill level 4 in Axes
   602 | D:2      | Reached XP level 3. HP: 33/33 MP: 3/3
   680 | D:2      | Found a stormy altar of Qazlal.
  1035 | D:2      | Reached XP level 4. HP: 41/41 MP: 4/4
  1268 | D:3      | Found a hazy altar of Hepliaklqana.
  1287 | D:3      | Reached skill level 5 in Axes
  1638 | D:3      | Reached XP level 5. HP: 35/47 MP: 5/5
  1935 | D:3      | Found a shadowy altar of Dithmenos.
  2100 | D:4      | Reached skill level 5 in Fighting
  2100 | D:4      | Reached skill level 6 in Axes
  2107 | D:4      | Reached XP level 6. HP: 27/56 MP: 6/6
  2356 | D:4      | Reached skill level 7 in Axes
  2435 | D:4      | HP: 2/56 [ogre/giant club (19)]
  2741 | D:4      | Found an ancient bone altar of Kikubaaqudgha.
  2741 | D:4      | Found a snail-covered altar of Cheibriados.
  2795 | D:4      | Got a translucent bronze amulet
  2999 | D:4      | Found a runed gate.
  2999 | D:4      | Found a runed gate.
  3002 | D:4      | Found a runed gate.
  3004 | D:4      | Noticed ThePrince's ghost (novice TrCj)
  3445 | D:5      | Entered Level 5 of the Dungeon
  3461 | D:5      | Noticed a phantom
  3489 | D:5      | Killed a phantom
  3489 | D:5      | Reached skill level 8 in Axes
  3489 | D:5      | Reached XP level 7. HP: 62/63 MP: 7/7
  3655 | D:5      | Found Yclaulid's Food Shoppe.
  3807 | D:5      | Reached skill level 9 in Axes
  3814 | D:5      | Found an iron altar of Okawaru.
  3859 | D:5      | Noticed Edmund
  3876 | D:5      | Killed Edmund
  3876 | D:5      | Reached XP level 8. HP: 61/73 MP: 8/8
  3968 | D:5      | Found a blossoming altar of Fedhas.
  3981 | D:5      | Reached skill level 10 in Axes
  4530 | D:6      | Noticed Blork the orc
  4547 | D:6      | Killed Blork the orc
  4921 | D:6      | Noticed ThisFiasco's ghost (novice KoEn)
  5041 | D:6      | Found a transporter.
  5213 | D:6      | Found a transporter.
  5249 | D:6      | Found a staircase to the Ecumenical Temple.
  5257 | Temple   | Entered the Ecumenical Temple
  5285 | Temple   | Became a worshipper of Yredelemnul the Dark
  5654 | D:7      | Reached skill level 5 in Shields
  5876 | D:7      | Found a bloodstained altar of Trog.
  5877 | D:7      | Found Raer's Antique Armour Emporium.
  5900 | D:7      | Reached skill level 11 in Axes
  5900 | D:7      | Reached skill level 1 in Invocations
  5900 | D:7      | Reached XP level 9. HP: 77/82 MP: 8/10
  5924 | D:7      | Found a hide-covered altar of Uskayaw.
  5960 | D:7      | Killed from afar by an orc priest

Skill      XL: |  1  2  3  4  5  6  7  8  9 |
---------------+----------------------------+-----
Axes           | 3 4 5 6 8 9 11 | 11.1
Fighting       | 4 5 6 7 8 |  8.6
Shields        | 5 |  5.2
Invocations    | 1 2 |  2.5
Armour         | |  3.2

Action                   |  1- 3 |  4- 6 |  7- 9 || total
-------------------------+-------+-------+-------++-------
Melee: War axe           |   115 |   165 |   184 ||   464
  Use: Scroll            |       |     7 |       ||     7
       Potion            |       |       |     2 ||     2
  Eat: Chunk             |       |     5 |     7 ||    12
       Ration            |       |     1 |       ||     1
Armor: Scale mail        |    22 |       |       ||    22
       Plate armour      |    71 |   106 |    69 ||   246
Dodge: Dodged            |    22 |    29 |    21 ||    72
Block: Shield            |    53 |    76 |    71 ||   200
